 Dungeon Crawl Stone Soup version 0.21.1-1-g345015f (webtiles) character file.

79 tidbits the Grave Robber (level 4, -8/32 HPs)
             Began as a Gnoll Necromancer on June 13, 2018.
             Mangled by a phantom (10 damage)
             ... on level 4 of the Dungeon.
             The game lasted 00:02:55 (299 turns).

tidbits the Grave Robber (Gnoll Necromancer)         Turns: 299, Time: 00:02:55

Health: -8/32      AC:  2    Str: 12    XL:     4   Next: 37%
Magic:  7/11       EV: 15    Int: 19    God:
Gold:   43         SH:  0    Dex: 15    Spells: 5/13 levels left

rFire    + . .     SeeInvis .   e - +0 dagger
rCold    + . .     Gourm    .   (no shield)
rNeg     . . .     Faith    .   B - +0 robe
rPois    +         Spirit   .   (no helmet)
rElec    +         Reflect  .   (no cloak)
rCorr    +         Harm     .   (no gloves)
MR       .....                  (no boots)
Stlth    +++.......             (no amulet)
HPRegen  0.10/turn              W - ring of wizardry
MPRegen  0.12/turn              l - +2 ring of strength

@: resistant
A: distributed training, fangs 1, evolution 1, no potion heal 1, strong nose
a: no special abilities


You were on level 4 of the Dungeon.
You were not hungry.

You visited 1 branch of the dungeon, and saw 4 of its levels.

You collected 43 gold pieces.

Inventory:

Hand Weapons
 e - a +0 dagger (weapon)
Missiles
 f - 29 arrows
 g - 3 javelins (quivered)
Armour
 B - a +0 robe (worn)
Jewellery
 l - a +2 ring of strength (right hand)
   (You found it on level 4 of the Dungeon)
 W - a ring of wizardry (left hand)
   (You found it on level 1 of the Dungeon)
Scrolls
 h - a scroll of teleportation
 k - a scroll of blinking {unknown}
Books
 b - a book of Necromancy

   Spells                             Type                      Level
   a - Pain                           Necromancy                   1
   b - Animate Skeleton               Necromancy                   1
   c - Vampiric Draining              Necromancy                   3
   d - Regeneration                   Charms/Necromancy            3
   e - Animate Dead                   Necromancy                   4
   f - Borgnjor's Vile Clutch         Necromancy/Earth             5
Comestibles
 c - 3 rations


   Skills:
 + Level 1.1 Fighting
 + Level 1.1 Short Blades
 + Level 1.1 Long Blades
 + Level 1.1 Axes
 + Level 1.1 Maces & Flails
 + Level 1.1 Polearms
 + Level 1.1 Staves
 + Level 1.1 Slings
 + Level 1.1 Bows
 + Level 1.1 Crossbows
 + Level 1.1 Throwing
 + Level 1.1 Armour
 + Level 4.6 Dodging
 + Level 4.2 Stealth
 + Level 1.1 Shields
 + Level 1.1 Unarmed Combat
 + Level 5.0 Spellcasting
 + Level 0.8 Conjurations
 + Level 0.8 Hexes
 + Level 0.8 Charms
 + Level 0.8 Summonings
 + Level 7.1 Necromancy
 + Level 0.8 Translocations
 + Level 0.8 Transmutations
 + Level 0.8 Fire Magic
 + Level 0.8 Ice Magic
 + Level 0.8 Air Magic
 + Level 0.8 Earth Magic
 + Level 0.8 Poison Magic
 + Level 1.2 Invocations
 + Level 1.1 Evocations


You had 5 spell levels left.
You knew the following spells:

 Your Spells              Type           Power        Failure   Level  Hunger
a - Pain                  Necr           ####         1%          1    None
d - Vampiric Draining     Necr           ####......   1%          3    ##.....
n - Animate Skeleton      Necr           N/A          1%          1    None
r - Regeneration          Chrm/Necr      ###.......   2%          3    ##.....


Dungeon Overview and Level Annotations

Branches:
Dungeon (4/15)
 Temple: D:4-7

Altars:


Innate Abilities, Weirdness & Mutations

Your experience applies equally to all skills.
You have very sharp teeth.
Your uncanny sense of smell can sniff out nearby items.
You evolve.
Potions are less effective at restoring your health.


Message History

Casting: Pain
Confirm with . or Enter, or press ? or * to list all spells.
Aiming: Pain
Press: ? - help, Shift-Dir - straight line, f/p - hound
Aim: a hound (almost dead, chance to defeat MR: 89%)
The hound barely resists.
The hound bites you. x2
* * * LOW HITPOINT WARNING * * *
Casting: Pain
Confirm with . or Enter, or press ? or * to list all spells.
Aiming: Pain
Press: ? - help, Shift-Dir - straight line, f/p - hound
Aim: a hound (almost dead, chance to defeat MR: 89%)
The hound writhes in agony!
You kill the hound!
Your Fighting skill increases to level 1!
Your Short Blades skill increases to level 1!
Your Long Blades skill increases to level 1!
Your Axes skill increases to level 1!
Your Maces & Flails skill increases to level 1!
Your Polearms skill increases to level 1!
Your Staves skill increases to level 1!
Your Slings skill increases to level 1!
Your Bows skill increases to level 1!
Your Crossbows skill increases to level 1!
Your Throwing skill increases to level 1!
Your Armour skill increases to level 1!
Your Shields skill increases to level 1!
Your Unarmed Combat skill increases to level 1!
Your Spellcasting skill increases to level 5!
Your Invocations skill increases to level 1!
Your Evocations skill increases to level 1!
Casting: Pain
Confirm with . or Enter, or press ? or * to list all spells.
Aiming: Pain
Press: ? - help, Shift-Dir - straight line, f - worker ant
Aim: a worker ant (chance to defeat MR: 89%)
The worker ant writhes in agony!
Casting: Pain
Confirm with . or Enter, or press ? or * to list all spells.
Aiming: Pain
Press: ? - help, Shift-Dir - straight line, f/p - worker ant
Aim: a worker ant (lightly wounded, chance to defeat MR: 89%)
The worker ant writhes in agony!
Casting: Pain
Confirm with . or Enter, or press ? or * to list all spells.
Aiming: Pain
Press: ? - help, Shift-Dir - straight line, f/p - worker ant
Aim: a worker ant (heavily wounded, chance to defeat MR: 89%)
The worker ant writhes in agony!
Throwing (i - inventory):
g - 3 javelins (quivered)
Press: ? - help, Shift-Dir - straight line, f/p - worker ant
Aim: a worker ant (almost dead)
You throw a javelin. The javelin hits the worker ant!
You kill the worker ant!
You have reached level 4!
You feel clever.
You see here a javelin.
g - 3 javelins (gained 1)
You see here a leather armour.
You found a teleport trap!
Found a yellow potion.
You see here a yellow potion.
j - a yellow potion
Found 24 sling bullets.
Found a stone staircase leading down.
A phantom comes into view.
You see here 24 sling bullets.
Found a scroll labeled UPON VAERIEZEK.
Found a gilded ring.
Found a war axe.
You see here a scroll labeled UPON VAERIEZEK.
k - a scroll labeled UPON VAERIEZEK The phantom blinks!
The phantom hits you.
* * * LOW HITPOINT WARNING * * *
You see here a gilded ring.
l - a gilded ring The phantom hits you.
* * * LOW HITPOINT WARNING * * *
It was a potion of resistance.
You feel protected. The phantom hits you.
* * * LOW HITPOINT WARNING * * *
It was a potion of curing.
You feel better.
The phantom hits you but does no damage.
It was a potion of mutation.
You feel extremely strange.
Your system partially rejects the healing effects of potions.
You feel nature experimenting on you.
Don't worry, failures die fast.
The phantom hits you.
* * * LOW HITPOINT WARNING * * *
Put on which piece of jewellery? (? for menu, Esc to quit)
You feel stronger.
l - a +2 ring of strength (right hand)
The phantom hits you.
* * * LOW HITPOINT WARNING * * *
Unknown command.
As you read the scroll labeled CIFAJUABEOM, it crumbles to dust.
It is a scroll of identify.
h - a scroll of teleportation The phantom hits you!
You die...

...#........(...>.....#
.#.#.##########.#####.
.#.#.# #.# .#.#.# #.#
.#.#.# #.# .#.#.#
#.#####.# .....#
#........ ##.###
#..###### #^# #W@# #.#
#...)# ..# #.##.# ..#
#. #.# ##.# . #.# #. ##
#.# #.. ### ∆


You could see a phantom.

Vanquished Creatures
  A hound (D:4)
  A worker ant (D:4)
  2 adders
  A goblin (D:2)
  A quokka (D:4)
  3 bats
  A kobold (D:2)
  A rat (D:1)
11 creatures vanquished.

Notes
Turn   | Place    | Note
-------+----------+-------------------------------------------
     0 | D:1      | tidbits the Gnoll Necromancer began the quest for the Orb.
     0 | D:1      | Reached XP level 1. HP: 13/13 MP: 6/6
   137 | D:2      | Reached XP level 2. HP: 17/20 MP: 3/7
   140 | D:2      | Learned a level 1 spell: Animate Skeleton
   218 | D:4      | Reached XP level 3. HP: 21/25 MP: 6/9
   223 | D:4      | Learned a level 3 spell: Vampiric Draining
   227 | D:4      | Learned a level 3 spell: Regeneration
   237 | D:4      | Reached skill level 1 in Fighting
   237 | D:4      | Reached skill level 1 in Short Blades
   237 | D:4      | Reached skill level 1 in Long Blades
   237 | D:4      | Reached skill level 1 in Axes
   237 | D:4      | Reached skill level 1 in Maces & Flails
   237 | D:4      | Reached skill level 1 in Polearms
   237 | D:4      | Reached skill level 1 in Staves
   237 | D:4      | Reached skill level 1 in Slings
   237 | D:4      | Reached skill level 1 in Bows
   237 | D:4      | Reached skill level 1 in Crossbows
   237 | D:4      | Reached skill level 1 in Throwing
   237 | D:4      | Reached skill level 1 in Armour
   237 | D:4      | Reached skill level 1 in Shields
   237 | D:4      | Reached skill level 1 in Unarmed Combat
   237 | D:4      | Reached skill level 5 in Spellcasting
   237 | D:4      | Reached skill level 1 in Invocations
   237 | D:4      | Reached skill level 1 in Evocations
   241 | D:4      | Reached XP level 4. HP: 8/32 MP: 0/11
   281 | D:4      | Noticed a phantom
   295 | D:4      | HP: 3/32 [phantom (2)]
   297 | D:4      | Gained mutation: Potions are less effective at restoring your health. [potion of mutation]
   297 | D:4      | Gained mutation: You evolve. [potion of mutation]
   299 | D:4      | Mangled by a phantom

Skill      XL: |  1  2  3 |
---------------+----------+-----
Fighting       | 1 |  1.1
Short Blades   | 1 |  1.1
Long Blades    | 1 |  1.1
Axes           | 1 |  1.1
Maces & Flails | 1 |  1.1
Polearms       | 1 |  1.1
Staves         | 1 |  1.1
Slings         | 1 |  1.1
Bows           | 1 |  1.1
Crossbows      | 1 |  1.1
Throwing       | 1 |  1.1
Armour         | 1 |  1.1
Shields        | 1 |  1.1
Unarmed Combat | 1 |  1.1
Spellcasting   | 5 |  5.0
Invocations    | 1 |  1.2
Evocations     | 1 |  1.1
Dodging        | |  4.6
Stealth        | |  4.2
Conjurations   | |  0.8
Hexes          | |  0.8
Charms         | |  0.8
Summonings     | |  0.8
Necromancy     | |  7.1
Translocations | |  0.8
Transmutations | |  0.8
Fire Magic     | |  0.8
Ice Magic      | |  0.8
Air Magic      | |  0.8
Earth Magic    | |  0.8
Poison Magic   | |  0.8

Action                   |  1- 3 |  4- 6 || total
-------------------------+-------+-------++-------
Melee: Dagger            |     4 |       ||     4
Throw: Javelin           |     1 |       ||     1
 Cast: Pain              |    17 |       ||    17
  Use: Potion            |       |     3 ||     3
       Scroll            |       |     1 ||     1
 Stab: Sleeping          |     4 |       ||     4
Armor: Robe              |     1 |     1 ||     2
Dodge: Dodged            |     1 |       ||     1

Table legend:
 A = Turns spent in this place as a percentage of turns spent in the entire game.
 B = Non-inter-level travel turns spent in this place as a percentage of non-inter-level travel turns spent in the entire game.
 C = Inter-level travel turns spent in this place as a percentage of turns spent in this place.
 D = Turns resting spent in this place as a percentage of non-inter-level travel turns spent in this place.
 E = Turns spent auto-exploring this place as a percentage of non-inter-level travel turns spent in this place.
 F = Non-inter-level travel turns spent in this place divided by the number of levels of this place that you've seen.
                   A       B       C       D       E      F
               +-------+-------+-------+-------+-------+----------------------
         Total | 100.0 | 100.0 |   0.0 |   0.0 |   0.0 |  74.8
       Dungeon | 100.0 | 100.0 |   0.0 |   0.0 |   0.0 |  74.8
               +-------+-------+-------+-------+-------+----------------------

Table legend:
 A = Kills in this place as a percentage of kills in entire the game.
 B = Kills by you in this place as a percentage of kills by you in the entire game.
 C = Kills by friends in this place as a percentage of kills by friends in the entire game.
 D = Other kills in this place as a percentage of other kills in the entire game.
 E = Experience gained in this place as a percentage of experience gained in the entire game.
 F = Experience gained in this place divided by the number of levels of this place that you have seen.
                   A       B       C       D       E      F
               +-------+-------+-------+-------+-------+----------------------
         Total | 100.0 | 100.0 |   N/A |   N/A | 100.0 |  28.2
       Dungeon | 100.0 | 100.0 |   N/A |   N/A | 100.0 |  28.2
               +-------+-------+-------+-------+-------+----------------------

Vault maps used:
D:1:      lemuel_arrival_muddy
D:3:      amethyst_overflow_temple_binary
D:4:      first_ration, kennysheep_generic_room_7
